Blues vs Stars
Created - 11 février 2017 at 00:13
Goals
|
Blues |
1 |
0 |
2 |
3 |
Stars |
1 |
1 |
5 |
7 |
|
Shots
|
Blues |
12 |
9 |
9 |
30 |
Stars |
18 |
3 |
20 |
41 |
|
1st period
1. Blues , Alex Pietrangelo 11 (Nik Antropov) at 14:41
2. Stars , Ryan Getzlaf 10 (Evgeny Artyukhin, Patrick Marleau) at 17:00
Penalties :
No Penalty
2nd period
3. Stars , Peter Worrell 7 (Marcus Kruger, Andrei Markov) at 11:24
Penalties :
Brian Lee (Dal) for Hooking (Minor) at 0:55, David Perron (STL) for High sticking (Minor) at 8:41, Darren Reid (STL) for Interference (Minor) at 13:53, Patrick Marleau (Dal) for Cross-checking (Minor) at 17:17
3rd period
4. Stars , Peter Worrell 8 (Marcus Kruger, Anthony Stewart) at 4:04
5. Stars , Chris Kunitz 7 (T.J. Oshie) at 6:25 (SH)
6. Blues , Nicklas Backstrom 17 (Jake Gardiner) at 6:33
7. Stars , John Tavares 28 (Scott Hartnell, Radim Vrbata) at 9:17 (PP)
8. Stars , John Tavares 29 (Radim Vrbata) at 10:41
9. Blues , Taylor Pyatt 6 (Nik Antropov) at 14:22
10. Stars , John Tavares 30 (Scott Hartnell, Brian Lee) at 16:32 (PP)
Penalties :
John Tavares (Dal) for Tripping (Minor) at 4:27, Steve McCarthy (STL) for Hooking (Minor) at 8:51, Joe Pavelski (STL) for Goalie Interference (Minor) at 15:51, Drew Fata (STL) for Hooking (Minor) at 16:47
Goalie Stats
Tuukka Rask (STL), 34 saves from 41 shots - (0,829), L, 18-12-5, 60:00 minutes
Miika Kiprusoff (Dal), 27 saves from 30 shots - (0,900), W, 4-3-0, 60:00 minutes
Players Stats for Blues
Player Name G A P +/- PIM S H SB GA TA FO MP PP MP PK MP
------------------------------------------------------------------------------------
Alex Pietrangelo 1 0 1 0 0 1 1 0 2 1 0/0 23:20 3:23 0:05
Bryce Lampman 0 0 0 -2 0 1 2 3 0 3 0/0 26:24 2:34 4:20
Darren Reid 0 0 0 2 2 1 0 0 0 1 1/2 10:04 0:00 0:00
David Perron 0 0 0 -1 2 0 0 0 0 0 0/0 16:26 2:41 0:00
Drew Fata 0 0 0 -1 2 0 0 1 0 1 0/0 15:35 0:00 2:00
Jake Gardiner 0 1 1 0 0 2 1 1 0 2 0/0 22:38 3:23 0:39
Joe Pavelski 0 0 0 -1 2 1 2 0 0 0 0/0 17:09 3:16 0:00
Kevin Porter 0 0 0 -1 0 0 0 0 0 0 1/1 5:21 0:00 0:00
Nicklas Backstrom 1 0 1 -2 0 5 3 0 1 0 20/37 22:15 3:16 1:15
Nik Antropov 0 2 2 2 0 0 1 1 0 0 7/11 14:13 0:00 4:08
Paul Kariya 0 0 0 -1 0 1 0 0 0 0 0/0 5:21 0:00 0:00
Sergei Shirokov 0 0 0 -2 0 2 2 1 0 0 0/1 21:59 2:41 1:41
Steve McCarthy 0 0 0 0 2 1 1 0 0 1 0/0 11:52 0:00 3:05
Taylor Hall 0 0 0 -2 0 6 1 0 0 0 1/2 22:10 3:16 1:10
Taylor Pyatt 1 0 1 2 0 4 0 0 0 1 0/0 14:18 0:00 4:13
Tomas Kopecky 0 0 0 -1 0 0 0 0 0 0 0/0 5:21 0:00 0:00
Travis Hamonic 0 0 0 -1 0 2 0 1 1 0 0/0 20:14 2:34 3:59
Travis Zajac 0 0 0 -1 0 3 0 0 0 1 1/12 18:11 2:41 1:41
Players Stats for Stars
Player Name G A P +/- PIM S H SB GA TA FO MP PP MP PK MP
------------------------------------------------------------------------------------
Andrei Markov 0 1 1 2 0 3 1 1 0 1 0/0 19:30 2:44 2:30
Anthony Stewart 0 1 1 1 0 1 1 0 1 1 1/1 11:51 0:00 0:00
Brian Lee 0 1 1 -1 2 1 0 1 1 0 0/0 24:53 4:20 2:22
Chris Kunitz 1 0 1 1 0 2 0 0 1 0 0/0 7:45 0:00 0:38
Erik Karlsson 0 0 0 1 0 0 2 0 2 0 0/0 15:16 0:00 1:00
Evgeny Artyukhin 0 1 1 1 0 3 2 0 0 0 0/0 12:56 0:00 0:00
John Tavares 3 0 3 -1 2 7 1 1 1 0 18/28 19:28 4:25 0:03
Johnny Oduya 0 0 0 -1 0 0 0 0 0 0 0/0 26:14 4:20 3:27
Marcus Kruger 0 2 2 1 0 2 2 0 0 0 4/8 11:37 0:00 0:00
Michal Handzus 0 0 0 -1 0 3 1 0 1 0 5/10 10:58 0:07 3:42
Patrick Marleau 0 1 1 1 2 3 1 1 0 0 0/0 16:49 2:39 0:57
Peter Worrell 2 0 2 1 0 5 1 0 1 1 0/0 13:14 0:00 1:37
Radim Vrbata 0 2 2 0 0 7 1 1 0 0 2/2 19:19 4:25 0:00
Ryan Getzlaf 1 0 1 1 0 2 4 0 0 0 5/15 15:39 2:39 0:00
Scott Hartnell 0 2 2 -1 0 1 2 0 2 1 0/2 23:14 4:18 3:41
Shaone Morrisonn 0 0 0 1 0 0 2 0 0 0 0/0 14:41 0:00 0:05
T.J. Oshie 0 1 1 1 0 1 2 0 1 0 0/0 11:06 2:39 1:16
Trevor Daley 0 0 0 2 0 0 0 2 0 0 0/0 19:30 2:44 2:30
3 Stars
1 - John Tavares (Dal)
2 - Peter Worrell (Dal)
3 - Ryan Getzlaf (Dal)
Power Play
Blues - 0 on 3 Attempt(s) - 0,00%
Stars - 2 on 5 Attempt(s) - 40,00%
Penalty Kill
Blues - 3 on 5 Attempt(s) - 60,00%
- Score 0 goal in Penalty Kill
Stars - 3 on 3 Attempt(s) - 100,00%
- Score 1 goal in Penalty Kill
Team Stat
Blues - Hits : 14 - Faceoff Wins : 31 - Blocked Shots : 8 - Penalty Minutes : 10
Stars - Hits : 23 - Faceoff Wins : 35 - Blocked Shots : 7 - Penalty Minutes : 6
Official
Referees : Charron Francis and Rehman Kyle
Linesman : Scott Cherrey and Brad Lazarowich
Game Notes
John Tavares has scored a Hat Trick!
Finance
Level 1 -- Attendance: 5950 (99,17%) -- Ticket Income 446 250 $
Level 2 -- Attendance: 4120 (82,40%) -- Ticket Income 226 600 $
Level 3 -- Attendance: 1540 (77,00%) -- Ticket Income 53 900 $
Level 4 -- Attendance: 2537 (63,43%) -- Ticket Income 63 425 $
Luxury Box -- Attendance: 949 (94,90%) -- Ticket Income 118 625 $
Game was played at the American Airlines Center.
Total Attendance: 15096 (83,87%)
Total Ticket Income: 908 800 $
Other Income: 136 320 $
Total Income: 1 045 120 $
Blues
5 vs 5 Forward
Center Left Wing Right Wing Time % Phy DF OF
1 Nicklas Backstrom Taylor Hall Sergei Shirokov 40 1 2 2
2 Travis Zajac David Perron Joe Pavelski 30 1 2 2
3 Nik Antropov Taylor Pyatt Darren Reid 20 1 2 2
4 Kevin Porter Paul Kariya Tomas Kopecky 10 1 2 2
5 vs 5 Defense
Defense Defense Time % Phy DF OF
1 Bryce Lampman Alex Pietrangelo 40 1 2 2
2 Travis Hamonic Jake Gardiner 30 1 2 2
3 Drew Fata Steve McCarthy 20 1 2 2
4 Jake Gardiner Drew Fata 10 1 2 2
PowerPlay Forward
Center Left Wing Right Wing Time % Phy DF OF
1 Nicklas Backstrom Taylor Hall Joe Pavelski 60 1 2 2
2 Travis Zajac David Perron Sergei Shirokov 40 1 2 2
PowerPlay Defense
Defense Defense Time % Phy DF OF
1 Jake Gardiner Alex Pietrangelo 60 1 2 2
2 Travis Hamonic Bryce Lampman 40 1 2 2
Penalty Kill 4 Players Forward
Center Wing Time % Phy DF OF
1 Nik Antropov Taylor Pyatt 60 1 2 2
2 Travis Zajac Sergei Shirokov 40 1 2 2
Penalty Kill 4 Players Defense
Defense Defense Time % Phy DF OF
1 Travis Hamonic Bryce Lampman 60 1 2 2
2 Steve McCarthy Drew Fata 40 1 2 2
Penalty Kill - 3 Players Forward
Forward Time % Phy DF OF
1 Nik Antropov 60 1 2 2
2 Taylor Pyatt 40 1 2 2
Penalty Kill - 3 Players Defense
Defense Defense Time % Phy DF OF
1 Travis Hamonic Drew Fata 60 1 2 2
2 Bryce Lampman Jake Gardiner 40 1 2 2
4 vs 4 Forward
Center Wing Time % Phy DF OF
1 Travis Zajac David Perron 60 1 2 2
2 Nicklas Backstrom Taylor Hall 40 1 2 2
4 vs 4 Defense
Defense Defense Time % Phy DF OF
1 Bryce Lampman Alex Pietrangelo 60 1 2 2
2 Drew Fata Jake Gardiner 40 1 2 2
Last Minutes Offensive
Center Left Wing Right Wing Defense Defense
Nicklas Backstrom David Perron Joe Pavelski Jake Gardiner Alex Pietrangelo
Last Minutes Defensive
Center Left Wing Right Wing Defense Defense
Nik Antropov David Perron Darren Reid Bryce Lampman Drew Fata
Goaltenders
Starting : Tuukka Rask
Backup : Jeff Deslauriers
Extra Forwards
Normal : Nicklas Backstrom, Sergei Shirokov, Tomas Kopecky - PP : Nicklas Backstrom, David Perron - PK : Taylor Pyatt
Extra Defensemen
Normal : Drew Fata, Steve McCarthy, Jake Gardiner - PP : Bryce Lampman - PK : Travis Hamonic, Jake Gardiner
Penalty Shots
David Perron, Joe Pavelski, Travis Zajac, Nik Antropov, Sergei Shirokov
Stars
5 vs 5 Forward
Center Left Wing Right Wing Time % Phy DF OF
1 John Tavares Scott Hartnell Radim Vrbata 34 1 2 2
2 Ryan Getzlaf Patrick Marleau Evgeny Artyukhin 28 1 2 2
3 Marcus Kruger Peter Worrell Anthony Stewart 23 1 2 2
4 Michal Handzus Chris Kunitz T.J. Oshie 15 0 2 2
5 vs 5 Defense
Defense Defense Time % Phy DF OF
1 Brian Lee Johnny Oduya 37 1 2 2
2 Trevor Daley Andrei Markov 29 1 2 2
3 Shaone Morrisonn Erik Karlsson 20 1 2 2
4 Shaone Morrisonn Erik Karlsson 14 1 2 2
PowerPlay Forward
Center Left Wing Right Wing Time % Phy DF OF
1 John Tavares Scott Hartnell Radim Vrbata 60 1 2 2
2 Ryan Getzlaf Patrick Marleau T.J. Oshie 40 1 2 2
PowerPlay Defense
Defense Defense Time % Phy DF OF
1 Brian Lee Johnny Oduya 60 1 2 2
2 Trevor Daley Andrei Markov 40 1 2 2
Penalty Kill 4 Players Forward
Center Wing Time % Phy DF OF
1 Michal Handzus Scott Hartnell 60 1 2 2
2 Peter Worrell Patrick Marleau 40 1 2 2
Penalty Kill 4 Players Defense
Defense Defense Time % Phy DF OF
1 Brian Lee Johnny Oduya 60 1 2 2
2 Trevor Daley Andrei Markov 40 1 2 2
Penalty Kill - 3 Players Forward
Forward Time % Phy DF OF
1 John Tavares 60 1 2 2
2 Scott Hartnell 40 1 2 2
Penalty Kill - 3 Players Defense
Defense Defense Time % Phy DF OF
1 Brian Lee Johnny Oduya 60 1 2 2
2 Trevor Daley Andrei Markov 40 1 2 2
4 vs 4 Forward
Center Wing Time % Phy DF OF
1 John Tavares Scott Hartnell 60 1 2 2
2 Peter Worrell Patrick Marleau 40 1 2 2
4 vs 4 Defense
Defense Defense Time % Phy DF OF
1 Brian Lee Johnny Oduya 60 1 2 2
2 Trevor Daley Andrei Markov 40 1 2 2
Last Minutes Offensive
Center Left Wing Right Wing Defense Defense
John Tavares Scott Hartnell Radim Vrbata Brian Lee Johnny Oduya
Last Minutes Defensive
Center Left Wing Right Wing Defense Defense
John Tavares Scott Hartnell Radim Vrbata Brian Lee Johnny Oduya
Goaltenders
Starting : Miika Kiprusoff
Backup : Pascal Leclaire
Extra Forwards
Normal : Michal Handzus, Anthony Stewart, T.J. Oshie - PP : Michal Handzus, Anthony Stewart - PK : T.J. Oshie
Extra Defensemen
Normal : Shaone Morrisonn, Erik Karlsson, Trevor Daley - PP : Shaone Morrisonn - PK : Erik Karlsson, Trevor Daley
Penalty Shots
John Tavares, Scott Hartnell, Peter Worrell, Patrick Marleau, Radim Vrbata
% Time on Ice - Blues
Lines # - Real PCT - Wanted PCT - Time Play
Normal Forward
1 - 38% - 40% - 17:44
2 - 29% - 30% - 13:49
3 - 21% - 20% - 10:05
4 - 11% - 10% - 5:21
Normal Defense
1 - 42% - 40% - 19:54
2 - 29% - 30% - 13:34
3 - 18% - 20% - 8:31
4 - 11% - 10% - 5:00
PP Forward
1 - 55% - 60% - 3:16
2 - 45% - 40% - 2:41
PP Defense
1 - 57% - 60% - 3:23
2 - 43% - 40% - 2:34
PK Forward
1 - 76% - 60% - 5:23
2 - 24% - 40% - 1:41
PK Defense
1 - 56% - 60% - 3:59
2 - 44% - 40% - 3:05
PK3 Forward
1 - 0% - 60%
2 - 0% - 40%
PK3 Defense
1 - 0% - 60%
2 - 0% - 40%
44 Forward
1 - 0% - 60%
2 - 0% - 40%
44 Defense
1 - 0% - 60%
2 - 0% - 40%
Last Minute Offensive - 0:00
Last Minute Defensive - 0:00
Total
Forward - 60:00
Defense - 60:00
|
% Time on Ice - Stars
Lines # - Real PCT - Wanted PCT - Time Play
Normal Forward
1 - 33% - 34% - 15:20
2 - 28% - 28% - 13:00
3 - 25% - 23% - 11:37
4 - 15% - 15% - 7:02
Normal Defense
1 - 39% - 37% - 18:27
2 - 30% - 29% - 14:16
3 - 19% - 20% - 8:49
4 - 12% - 14% - 5:27
PP Forward
1 - 63% - 60% - 4:25
2 - 38% - 40% - 2:39
PP Defense
1 - 61% - 60% - 4:20
2 - 39% - 40% - 2:44
PK Forward
1 - 73% - 60% - 4:20
2 - 27% - 40% - 1:37
PK Defense
1 - 58% - 60% - 3:27
2 - 42% - 40% - 2:30
PK3 Forward
1 - 0% - 60%
2 - 0% - 40%
PK3 Defense
1 - 0% - 60%
2 - 0% - 40%
44 Forward
1 - 0% - 60%
2 - 0% - 40%
44 Defense
1 - 0% - 60%
2 - 0% - 40%
Last Minute Offensive - 0:00
Last Minute Defensive - 0:00
Total
Forward - 60:00
Defense - 60:00
|
Play by Play
1st period
0:01 of 1st period - John Tavares wins face-off versus Nicklas Backstrom in neutral zone.
0:54 of 1st period - Slapshot by Alex Pietrangelo.
0:54 of 1st period - Shot Misses the Net.
1:30 of 1st period - Slapshot by Brian Lee.
1:30 of 1st period - Shot Blocked by Bryce Lampman.
1:32 of 1st period - Slapshot by Brian Lee.
1:32 of 1st period - Deflect By Alex Pietrangelo.
1:32 of 1st period - Stopped by Tuukka Rask with a rebound.
1:34 of 1st period - Snap shot by Radim Vrbata.
1:34 of 1st period - Stopped by Tuukka Rask with a rebound.
1:36 of 1st period - Snap shot by John Tavares.
1:36 of 1st period - Shot Misses the Net.
1:38 of 1st period - Snap shot by Radim Vrbata.
1:38 of 1st period - Stopped by Tuukka Rask with a rebound.
1:40 of 1st period - Wrist shot by John Tavares.
1:40 of 1st period - Stopped by Tuukka Rask without a rebound.
1:41 of 1st period - Ryan Getzlaf wins face-off versus Taylor Hall in Blues zone.
1:44 of 1st period - Slapshot by Patrick Marleau.
1:44 of 1st period - Stopped by Tuukka Rask without a rebound.
1:45 of 1st period - Nicklas Backstrom wins face-off versus Ryan Getzlaf in Blues zone.
1:56 of 1st period - Slapshot by Nicklas Backstrom.
1:56 of 1st period - Shot Misses the Net.
1:58 of 1st period - Snap shot by Taylor Hall.
1:58 of 1st period - Stopped by Miika Kiprusoff with a rebound.
2:02 of 1st period - Wrist shot by Nicklas Backstrom.
2:02 of 1st period - Stopped by Miika Kiprusoff with a rebound.
3:06 of 1st period - Snap shot by Chris Kunitz.
3:06 of 1st period - Deflect By T.J. Oshie.
3:06 of 1st period - Shot Misses the Net.
3:06 of 1st period - Puck is out of play.
3:07 of 1st period - Kevin Porter wins face-off versus Ryan Getzlaf in Blues zone.
3:32 of 1st period - Jake Gardiner is hit by Erik Karlsson and loses puck.
4:05 of 1st period - Wrist shot by Taylor Pyatt.
4:05 of 1st period - Shot Misses the Net.
4:07 of 1st period - Snap shot by Darren Reid.
4:07 of 1st period - Stopped by Miika Kiprusoff with a rebound.
4:09 of 1st period - Slapshot by Steve McCarthy.
4:09 of 1st period - Stopped by Miika Kiprusoff with a rebound.
4:13 of 1st period - Snap shot by Taylor Pyatt.
4:13 of 1st period - Stopped by Miika Kiprusoff with a rebound.
4:15 of 1st period - Slapshot by Drew Fata.
4:15 of 1st period - Deflect By Taylor Pyatt.
4:15 of 1st period - Shot Misses the Net.
4:15 of 1st period - Puck is out of play.
4:16 of 1st period - Marcus Kruger wins face-off versus Nicklas Backstrom in Stars zone.
4:41 of 1st period - Shaone Morrisonn is hit by Joe Pavelski and loses puck.
5:04 of 1st period - Patrick Marleau is hit by Nik Antropov and loses puck.
6:25 of 1st period - Slapshot by Jake Gardiner.
6:25 of 1st period - Stopped by Miika Kiprusoff with a rebound.
6:31 of 1st period - Snap shot by Evgeny Artyukhin.
6:31 of 1st period - Shot Misses the Net.
6:49 of 1st period - Snap shot by Radim Vrbata.
6:49 of 1st period - Shot Hit the Post.
6:51 of 1st period - Slapshot by Radim Vrbata.
6:51 of 1st period - Stopped by Tuukka Rask with a rebound.
7:09 of 1st period - Wrist shot by Peter Worrell.
7:09 of 1st period - Stopped by Tuukka Rask without a rebound.
7:10 of 1st period - Nicklas Backstrom wins face-off versus Marcus Kruger in Blues zone.
8:22 of 1st period - Steve McCarthy is hit by Shaone Morrisonn and loses puck.
8:27 of 1st period - Wrist shot by John Tavares.
8:27 of 1st period - Stopped by Tuukka Rask without a rebound.
8:28 of 1st period - Nicklas Backstrom wins face-off versus Ryan Getzlaf in Blues zone.
8:40 of 1st period - Off-side.
8:41 of 1st period - Marcus Kruger wins face-off versus Nicklas Backstrom in neutral zone.
8:56 of 1st period - Snap shot by Marcus Kruger.
8:56 of 1st period - Shot Misses the Net.
9:06 of 1st period - Scott Hartnell is hit by Jake Gardiner and loses puck.
9:29 of 1st period - Wrist shot by Ryan Getzlaf.
9:29 of 1st period - Stopped by Tuukka Rask with a rebound.
9:31 of 1st period - Snap shot by Evgeny Artyukhin.
9:31 of 1st period - Stopped by Tuukka Rask without a rebound.
9:32 of 1st period - Nicklas Backstrom wins face-off versus Ryan Getzlaf in Blues zone.
10:26 of 1st period - Backhand shot by Anthony Stewart.
10:26 of 1st period - Stopped by Tuukka Rask with a rebound.
10:28 of 1st period - Slapshot by Andrei Markov.
10:28 of 1st period - Deflect By Alex Pietrangelo.
10:28 of 1st period - Stopped by Tuukka Rask with a rebound.
10:32 of 1st period - Snap shot by Marcus Kruger.
10:32 of 1st period - Shot Blocked by Nik Antropov.
11:04 of 1st period - Erik Karlsson is hit by Nicklas Backstrom and loses puck.
11:15 of 1st period - John Tavares is hit by Taylor Hall and loses puck.
11:28 of 1st period - Snap shot by Travis Zajac.
11:28 of 1st period - Deflect By Joe Pavelski.
11:28 of 1st period - Shot Misses the Net.
11:28 of 1st period - Puck is out of play.
11:29 of 1st period - Marcus Kruger wins face-off versus Travis Zajac in Stars zone.
11:42 of 1st period - Joe Pavelski is hit by Peter Worrell.
11:48 of 1st period - Snap shot by Joe Pavelski.
11:48 of 1st period - Stopped by Miika Kiprusoff with a rebound.
12:36 of 1st period - Snap shot by Travis Zajac.
12:36 of 1st period - Shot Misses the Net.
13:07 of 1st period - Icing by Jake Gardiner.
13:08 of 1st period - John Tavares wins face-off versus Travis Zajac in Blues zone.
13:25 of 1st period - Wrist shot by Joe Pavelski.
13:25 of 1st period - Shot Blocked by Radim Vrbata.
13:37 of 1st period - Wrist shot by Nicklas Backstrom.
13:37 of 1st period - Stopped by Miika Kiprusoff with a rebound.
13:39 of 1st period - Slapshot by Travis Hamonic.
13:39 of 1st period - Deflect By Evgeny Artyukhin.
13:39 of 1st period - Stopped by Miika Kiprusoff without a rebound.
13:40 of 1st period - Nicklas Backstrom wins face-off versus Ryan Getzlaf in Stars zone.
13:47 of 1st period - Snap shot by Patrick Marleau.
13:47 of 1st period - Stopped by Tuukka Rask with a rebound.
13:49 of 1st period - Snap shot by Patrick Marleau.
13:49 of 1st period - Stopped by Tuukka Rask with a rebound.
13:51 of 1st period - Wrist shot by Patrick Marleau.
13:51 of 1st period - Shot Blocked by Drew Fata.
13:53 of 1st period - Backhand shot by Andrei Markov.
13:53 of 1st period - Stopped by Tuukka Rask with a rebound.
14:05 of 1st period - Taylor Hall is hit by Evgeny Artyukhin and loses puck.
14:18 of 1st period - Evgeny Artyukhin is hit by Nicklas Backstrom and loses puck.
14:37 of 1st period - Snap shot by Taylor Hall.
14:37 of 1st period - Stopped by Miika Kiprusoff without a rebound.
14:38 of 1st period - Nik Antropov wins face-off versus Scott Hartnell in Stars zone.
14:39 of 1st period - Snap shot by Alex Pietrangelo.
14:39 of 1st period - Shot Blocked by John Tavares.
14:41 of 1st period - Slapshot by Alex Pietrangelo.
14:41 of 1st period - Deflect By Trevor Daley.
14:41 of 1st period - Goal by Alex Pietrangelo - Blues : 1 - Stars : 0.
14:42 of 1st period - John Tavares wins face-off versus Nik Antropov in neutral zone.
16:11 of 1st period - Snap shot by Taylor Pyatt.
16:11 of 1st period - Shot Misses the Net.
16:21 of 1st period - Taylor Pyatt is hit by Andrei Markov and loses puck.
16:56 of 1st period - Wrist shot by Ryan Getzlaf.
16:56 of 1st period - Shot Misses the Net.
16:58 of 1st period - Snap shot by Evgeny Artyukhin.
16:58 of 1st period - Stopped by Tuukka Rask with a rebound.
17:00 of 1st period - Snap shot by Ryan Getzlaf.
17:00 of 1st period - Goal by Ryan Getzlaf - Blues : 1 - Stars : 1.
17:01 of 1st period - John Tavares wins face-off versus Nicklas Backstrom in neutral zone.
18:01 of 1st period - Snap shot by T.J. Oshie.
18:01 of 1st period - Stopped by Tuukka Rask without a rebound.
18:02 of 1st period - John Tavares wins face-off versus Nicklas Backstrom in Blues zone.
18:07 of 1st period - Snap shot by John Tavares.
18:07 of 1st period - Shot Misses the Net.
19:24 of 1st period - Wrist shot by Taylor Pyatt.
19:24 of 1st period - Stopped by Miika Kiprusoff without a rebound.
19:25 of 1st period - John Tavares wins face-off versus Nicklas Backstrom in Stars zone.
19:25 of 1st period - John Tavares is hit by Nicklas Backstrom.
19:31 of 1st period - Nicklas Backstrom is hit by Erik Karlsson and loses puck.
Goals for this period are 1 for Blues vs 1 for Stars.
Shots for this period are 12 for Blues vs 18 for Stars.
2nd period
0:01 of 2nd period - Nicklas Backstrom wins face-off versus John Tavares in neutral zone.
0:14 of 2nd period - Icing by Taylor Hall.
0:15 of 2nd period - Nicklas Backstrom wins face-off versus Ryan Getzlaf in Blues zone.
0:38 of 2nd period - Snap shot by Taylor Hall.
0:38 of 2nd period - Stopped by Miika Kiprusoff with a rebound.
0:40 of 2nd period - Slapshot by Alex Pietrangelo.
0:40 of 2nd period - Shot Misses the Net.
0:55 of 2nd period - Minor Penalty to Brian Lee for Hooking.
0:56 of 2nd period - Michal Handzus wins face-off versus Travis Zajac in Stars zone.
1:03 of 2nd period - Icing by Travis Zajac.
1:04 of 2nd period - Michal Handzus wins face-off versus Travis Zajac in Blues zone.
1:35 of 2nd period - Wrist shot by Nicklas Backstrom.
1:35 of 2nd period - Shot Misses the Net.
2:23 of 2nd period - Wrist shot by Patrick Marleau.
2:23 of 2nd period - Shot Misses the Net.
2:55 of 2nd period - Penalty to Brian Lee is over, Brian Lee is back on ice.
3:05 of 2nd period - Wrist shot by Alex Pietrangelo.
3:05 of 2nd period - Shot Blocked by Patrick Marleau.
3:27 of 2nd period - Nik Antropov is hit by Shaone Morrisonn and loses puck.
3:40 of 2nd period - Kevin Porter is hit by John Tavares and loses puck.
3:59 of 2nd period - Steve McCarthy is hit by Patrick Marleau and loses puck.
4:16 of 2nd period - Paul Kariya is hit by Marcus Kruger and loses puck.
4:59 of 2nd period - Travis Zajac is hit by Ryan Getzlaf and loses puck.
5:14 of 2nd period - Bryce Lampman is hit by Michal Handzus and loses puck.
5:42 of 2nd period - Peter Worrell is hit by Sergei Shirokov and loses puck.
5:48 of 2nd period - Icing by Trevor Daley.
5:49 of 2nd period - Nik Antropov wins face-off versus Marcus Kruger in Stars zone.
5:50 of 2nd period - Wrist shot by Taylor Pyatt.
5:50 of 2nd period - Shot Blocked by Trevor Daley.
6:00 of 2nd period - Wrist shot by Peter Worrell.
6:00 of 2nd period - Stopped by Tuukka Rask with a rebound.
6:02 of 2nd period - Slapshot by Andrei Markov.
6:02 of 2nd period - Stopped by Tuukka Rask without a rebound.
6:03 of 2nd period - Nicklas Backstrom wins face-off versus John Tavares in Blues zone.
6:14 of 2nd period - Snap shot by John Tavares.
6:14 of 2nd period - Shot Misses the Net.
6:32 of 2nd period - Wrist shot by Michal Handzus.
6:32 of 2nd period - Shot Misses the Net.
7:07 of 2nd period - Snap shot by Taylor Hall.
7:07 of 2nd period - Stopped by Miika Kiprusoff with a rebound.
7:09 of 2nd period - Snap shot by Sergei Shirokov.
7:09 of 2nd period - Stopped by Miika Kiprusoff with a rebound.
7:11 of 2nd period - Snap shot by Taylor Hall.
7:11 of 2nd period - Shot Misses the Net.
7:15 of 2nd period - Wrist shot by Nicklas Backstrom.
7:15 of 2nd period - Stopped by Miika Kiprusoff without a rebound.
7:16 of 2nd period - John Tavares wins face-off versus Travis Zajac in Stars zone.
8:06 of 2nd period - Alex Pietrangelo is hit by Evgeny Artyukhin and loses puck.
8:17 of 2nd period - Snap shot by Paul Kariya.
8:17 of 2nd period - Stopped by Miika Kiprusoff with a rebound.
8:27 of 2nd period - Joe Pavelski is hit by T.J. Oshie and loses puck.
8:41 of 2nd period - Minor Penalty to David Perron for High sticking.
8:42 of 2nd period - Nik Antropov wins face-off versus John Tavares in Blues zone.
9:21 of 2nd period - Off-side.
9:22 of 2nd period - Travis Zajac wins face-off versus Ryan Getzlaf in neutral zone.
9:27 of 2nd period - Snap shot by Travis Zajac.
9:27 of 2nd period - Stopped by Miika Kiprusoff without a rebound.
9:28 of 2nd period - Nik Antropov wins face-off versus John Tavares in Stars zone.
10:41 of 2nd period - Penalty to David Perron is over, David Perron is back on ice.
10:42 of 2nd period - Icing by Johnny Oduya.
10:43 of 2nd period - John Tavares wins face-off versus Nicklas Backstrom in Stars zone.
11:24 of 2nd period - Snap shot by Peter Worrell.
11:24 of 2nd period - Deflect By David Perron.
11:24 of 2nd period - Goal by Peter Worrell - Blues : 1 - Stars : 2.
11:25 of 2nd period - John Tavares wins face-off versus Nicklas Backstrom in neutral zone.
11:28 of 2nd period - Jake Gardiner is hit by Scott Hartnell and loses puck.
11:59 of 2nd period - Wrist shot by Travis Zajac.
11:59 of 2nd period - Stopped by Miika Kiprusoff with a rebound.
12:34 of 2nd period - Travis Hamonic is hit by T.J. Oshie and loses puck.
12:53 of 2nd period - Snap shot by Radim Vrbata.
12:53 of 2nd period - Shot Misses the Net.
12:55 of 2nd period - Wrist shot by John Tavares.
12:55 of 2nd period - Shot Misses the Net.
12:57 of 2nd period - Slapshot by Scott Hartnell.
12:57 of 2nd period - Deflect By Jake Gardiner.
12:57 of 2nd period - Shot Misses the Net.
12:57 of 2nd period - Puck is out of play.
12:58 of 2nd period - John Tavares wins face-off versus Nicklas Backstrom in Blues zone.
13:18 of 2nd period - John Tavares is hit by Bryce Lampman and loses puck.
13:33 of 2nd period - Alex Pietrangelo is hit by Ryan Getzlaf and loses puck.
13:53 of 2nd period - Minor Penalty to Darren Reid for Interference.
13:54 of 2nd period - John Tavares wins face-off versus Nik Antropov in Blues zone.
15:53 of 2nd period - Penalty to Darren Reid is over, Darren Reid is back on ice.
15:56 of 2nd period - John Tavares is hit by Bryce Lampman and loses puck.
16:29 of 2nd period - Shaone Morrisonn is hit by Sergei Shirokov and loses puck.
17:04 of 2nd period - Icing by Peter Worrell.
17:05 of 2nd period - Nicklas Backstrom wins face-off versus Marcus Kruger in Stars zone.
17:12 of 2nd period - Slapshot by Sergei Shirokov.
17:12 of 2nd period - Stopped by Miika Kiprusoff without a rebound.
17:13 of 2nd period - Nicklas Backstrom wins face-off versus Ryan Getzlaf in Stars zone.
17:17 of 2nd period - Minor Penalty to Patrick Marleau for Cross-checking.
17:18 of 2nd period - Nicklas Backstrom wins face-off versus Michal Handzus in Stars zone.
18:19 of 2nd period - Icing by Travis Hamonic.
18:20 of 2nd period - Taylor Hall wins face-off versus Michal Handzus in Blues zone.
18:44 of 2nd period - Backhand shot by Bryce Lampman.
18:44 of 2nd period - Stopped by Miika Kiprusoff with a rebound.
19:17 of 2nd period - Penalty to Patrick Marleau is over, Patrick Marleau is back on ice.
19:20 of 2nd period - Snap shot by Patrick Marleau.
19:20 of 2nd period - Shot Misses the Net.
19:30 of 2nd period - Wrist shot by T.J. Oshie.
19:30 of 2nd period - Deflect By Scott Hartnell.
19:30 of 2nd period - Shot Misses the Net.
19:30 of 2nd period - Puck is out of play.
19:31 of 2nd period - Ryan Getzlaf wins face-off versus Darren Reid in Blues zone.
19:58 of 2nd period - Peter Worrell is hit by Steve McCarthy and loses puck.
Goals for this period are 0 for Blues vs 1 for Stars.
Shots for this period are 9 for Blues vs 3 for Stars.
3rd period
0:01 of 3rd period - John Tavares wins face-off versus Nicklas Backstrom in neutral zone.
0:03 of 3rd period - Off-side.
0:04 of 3rd period - John Tavares wins face-off versus Nicklas Backstrom in neutral zone.
0:14 of 3rd period - Snap shot by John Tavares.
0:14 of 3rd period - Stopped by Tuukka Rask with a rebound.
0:18 of 3rd period - Snap shot by Radim Vrbata.
0:18 of 3rd period - Shot Misses the Net.
0:20 of 3rd period - Backhand shot by Radim Vrbata.
0:20 of 3rd period - Stopped by Tuukka Rask without a rebound.
0:21 of 3rd period - Ryan Getzlaf wins face-off versus Travis Zajac in Blues zone.
0:28 of 3rd period - Snap shot by Evgeny Artyukhin.
0:28 of 3rd period - Shot Misses the Net.
0:30 of 3rd period - Snap shot by Evgeny Artyukhin.
0:30 of 3rd period - Shot Blocked by Bryce Lampman.
1:36 of 3rd period - Wrist shot by Chris Kunitz.
1:36 of 3rd period - Stopped by Tuukka Rask without a rebound.
1:37 of 3rd period - Michal Handzus wins face-off versus Travis Zajac in Blues zone.
2:11 of 3rd period - Slapshot by Nicklas Backstrom.
2:11 of 3rd period - Shot Misses the Net.
3:02 of 3rd period - Slapshot by David Perron.
3:02 of 3rd period - Shot Blocked by Andrei Markov.
3:15 of 3rd period - Icing by Peter Worrell.
3:16 of 3rd period - Marcus Kruger wins face-off versus Nicklas Backstrom in Stars zone.
3:27 of 3rd period - Taylor Hall is hit by Marcus Kruger and loses puck.
3:38 of 3rd period - Wrist shot by Marcus Kruger.
3:38 of 3rd period - Shot Misses the Net.
3:40 of 3rd period - Slapshot by Anthony Stewart.
3:40 of 3rd period - Shot Blocked by Travis Hamonic.
3:42 of 3rd period - Snap shot by Trevor Daley.
3:42 of 3rd period - Shot Misses the Net.
3:44 of 3rd period - Slapshot by Andrei Markov.
3:44 of 3rd period - Deflect By Peter Worrell.
3:44 of 3rd period - Stopped by Tuukka Rask with a rebound.
3:46 of 3rd period - Snap shot by Marcus Kruger.
3:46 of 3rd period - Shot Blocked by Jake Gardiner.
3:48 of 3rd period - Wrist shot by Peter Worrell.
3:48 of 3rd period - Deflect By Marcus Kruger.
3:48 of 3rd period - Stopped by Tuukka Rask with a rebound.
4:02 of 3rd period - Wrist shot by Marcus Kruger.
4:02 of 3rd period - Shot Misses the Net.
4:04 of 3rd period - Snap shot by Peter Worrell.
4:04 of 3rd period - Goal by Peter Worrell - Blues : 1 - Stars : 3.
4:05 of 3rd period - Radim Vrbata wins face-off versus Travis Zajac in neutral zone.
4:12 of 3rd period - Snap shot by John Tavares.
4:12 of 3rd period - Stopped by Tuukka Rask without a rebound.
4:13 of 3rd period - John Tavares wins face-off versus Travis Zajac in Blues zone.
4:26 of 3rd period - Snap shot by John Tavares.
4:26 of 3rd period - Shot Misses the Net.
4:27 of 3rd period - Minor Penalty to John Tavares for Tripping.
4:28 of 3rd period - Nicklas Backstrom wins face-off versus Michal Handzus in Stars zone.
4:57 of 3rd period - Snap shot by Travis Zajac.
4:57 of 3rd period - Stopped by Miika Kiprusoff without a rebound.
4:58 of 3rd period - Nicklas Backstrom wins face-off versus Michal Handzus in Stars zone.
5:05 of 3rd period - Slapshot by Nicklas Backstrom.
5:05 of 3rd period - Shot Blocked by Trevor Daley.
5:07 of 3rd period - Slapshot by Travis Hamonic.
5:07 of 3rd period - Stopped by Miika Kiprusoff without a rebound.
5:08 of 3rd period - Michal Handzus wins face-off versus Nicklas Backstrom in Stars zone.
5:08 of 3rd period - Michal Handzus is hit by Joe Pavelski.
5:28 of 3rd period - Snap shot by Taylor Hall.
5:28 of 3rd period - Stopped by Miika Kiprusoff without a rebound.
5:29 of 3rd period - Michal Handzus wins face-off versus Travis Zajac in Stars zone.
6:25 of 3rd period - Slapshot by Chris Kunitz.
6:25 of 3rd period - Goal by Chris Kunitz - Blues : 1 - Stars : 4.
6:26 of 3rd period - Nicklas Backstrom wins face-off versus Michal Handzus in neutral zone.
6:27 of 3rd period - Penalty to John Tavares is over, John Tavares is back on ice.
6:31 of 3rd period - Slapshot by Jake Gardiner.
6:31 of 3rd period - Shot Blocked by Brian Lee.
6:33 of 3rd period - Snap shot by Nicklas Backstrom.
6:33 of 3rd period - Goal by Nicklas Backstrom - Blues : 2 - Stars : 4.
6:34 of 3rd period - John Tavares wins face-off versus Nicklas Backstrom in neutral zone.
8:13 of 3rd period - Slapshot by Jake Gardiner.
8:13 of 3rd period - Stopped by Miika Kiprusoff with a rebound.
8:51 of 3rd period - Minor Penalty to Steve McCarthy for Hooking.
8:52 of 3rd period - Nik Antropov wins face-off versus John Tavares in Blues zone.
9:05 of 3rd period - Wrist shot by John Tavares.
9:05 of 3rd period - Deflect By Radim Vrbata.
9:05 of 3rd period - Stopped by Tuukka Rask without a rebound.
9:06 of 3rd period - Radim Vrbata wins face-off versus Nik Antropov in Blues zone.
9:15 of 3rd period - Wrist shot by Scott Hartnell.
9:15 of 3rd period - Shot Misses the Net.
9:17 of 3rd period - Wrist shot by John Tavares.
9:17 of 3rd period - Goal by John Tavares - Blues : 2 - Stars : 5.
9:18 of 3rd period - Nicklas Backstrom wins face-off versus John Tavares in neutral zone.
9:46 of 3rd period - Backhand shot by Taylor Hall.
9:46 of 3rd period - Stopped by Miika Kiprusoff without a rebound.
9:47 of 3rd period - Ryan Getzlaf wins face-off versus Travis Zajac in Stars zone.
10:21 of 3rd period - Jake Gardiner is hit by Anthony Stewart and loses puck.
10:36 of 3rd period - Taylor Hall is hit by Radim Vrbata and loses puck.
10:41 of 3rd period - Slapshot by John Tavares.
10:41 of 3rd period - Goal by John Tavares - Blues : 2 - Stars : 6.
10:42 of 3rd period - John Tavares wins face-off versus Nicklas Backstrom in neutral zone.
11:32 of 3rd period - Slapshot by Andrei Markov.
11:32 of 3rd period - Deflect By Marcus Kruger.
11:32 of 3rd period - Shot Misses the Net.
11:32 of 3rd period - Puck is out of play.
11:33 of 3rd period - Nik Antropov wins face-off versus Marcus Kruger in Blues zone.
11:46 of 3rd period - Slapshot by Marcus Kruger.
11:46 of 3rd period - Stopped by Tuukka Rask with a rebound.
11:48 of 3rd period - Wrist shot by Peter Worrell.
11:48 of 3rd period - Deflect By Marcus Kruger.
11:48 of 3rd period - Shot Misses the Net.
11:48 of 3rd period - Puck is out of play.
11:49 of 3rd period - Nicklas Backstrom wins face-off versus Scott Hartnell in Blues zone.
11:54 of 3rd period - Brian Lee is hit by Alex Pietrangelo and loses puck.
12:03 of 3rd period - Snap shot by Scott Hartnell.
12:03 of 3rd period - Stopped by Tuukka Rask with a rebound.
12:05 of 3rd period - Wrist shot by Johnny Oduya.
12:05 of 3rd period - Shot Blocked by Bryce Lampman.
12:27 of 3rd period - Icing by Patrick Marleau.
12:28 of 3rd period - Nicklas Backstrom wins face-off versus Ryan Getzlaf in Stars zone.
12:45 of 3rd period - Wrist shot by Nicklas Backstrom.
12:45 of 3rd period - Shot Misses the Net.
13:26 of 3rd period - Snap shot by Michal Handzus.
13:26 of 3rd period - Stopped by Tuukka Rask without a rebound.
13:27 of 3rd period - Nicklas Backstrom wins face-off versus John Tavares in Blues zone.
13:42 of 3rd period - Wrist shot by Nicklas Backstrom.
13:42 of 3rd period - Shot Misses the Net.
13:44 of 3rd period - Snap shot by Nicklas Backstrom.
13:44 of 3rd period - Stopped by Miika Kiprusoff with a rebound.
14:20 of 3rd period - Wrist shot by Taylor Pyatt.
14:20 of 3rd period - Stopped by Miika Kiprusoff with a rebound.
14:22 of 3rd period - Wrist shot by Taylor Pyatt.
14:22 of 3rd period - Goal by Taylor Pyatt - Blues : 3 - Stars : 6.
14:23 of 3rd period - Nicklas Backstrom wins face-off versus John Tavares in neutral zone.
15:00 of 3rd period - Wrist shot by Ryan Getzlaf.
15:00 of 3rd period - Deflect By Evgeny Artyukhin.
15:00 of 3rd period - Stopped by Tuukka Rask without a rebound.
15:01 of 3rd period - Darren Reid wins face-off versus Ryan Getzlaf in Blues zone.
15:01 of 3rd period - Darren Reid is hit by Ryan Getzlaf.
15:27 of 3rd period - Alex Pietrangelo is hit by Scott Hartnell and loses puck.
15:51 of 3rd period - Minor Penalty to Joe Pavelski for Goalie Interference.
15:52 of 3rd period - Nik Antropov wins face-off versus John Tavares in Blues zone.
16:32 of 3rd period - Snap shot by Scott Hartnell.
16:32 of 3rd period - Deflect By John Tavares.
16:32 of 3rd period - Goal by John Tavares - Blues : 3 - Stars : 7.
16:33 of 3rd period - Ryan Getzlaf wins face-off versus Nicklas Backstrom in neutral zone.
16:47 of 3rd period - Minor Penalty to Drew Fata for Hooking.
16:48 of 3rd period - John Tavares wins face-off versus Nik Antropov in Blues zone.
17:14 of 3rd period - Nik Antropov is hit by Ryan Getzlaf and loses puck.
18:47 of 3rd period - Penalty to Drew Fata is over, Drew Fata is back on ice.
18:57 of 3rd period - Slapshot by Jake Gardiner.
18:57 of 3rd period - Shot Misses the Net.
19:21 of 3rd period - Wrist shot by Michal Handzus.
19:21 of 3rd period - Stopped by Tuukka Rask without a rebound.
19:22 of 3rd period - Anthony Stewart wins face-off versus Nicklas Backstrom in Blues zone.
19:25 of 3rd period - Snap shot by Chris Kunitz.
19:25 of 3rd period - Deflect By Michal Handzus.
19:25 of 3rd period - Stopped by Tuukka Rask without a rebound.
19:26 of 3rd period - John Tavares wins face-off versus Sergei Shirokov in Blues zone.
19:29 of 3rd period - Wrist shot by Radim Vrbata.
19:29 of 3rd period - Stopped by Tuukka Rask with a rebound.
19:31 of 3rd period - Snap shot by Radim Vrbata.
19:31 of 3rd period - Shot Misses the Net.
19:33 of 3rd period - Snap shot by Scott Hartnell.
19:33 of 3rd period - Shot Blocked by Sergei Shirokov.
19:35 of 3rd period - Wrist shot by Radim Vrbata.
19:35 of 3rd period - Stopped by Tuukka Rask without a rebound.
19:36 of 3rd period - Nicklas Backstrom wins face-off versus John Tavares in Blues zone.
Goals for this period are 2 for Blues vs 5 for Stars.
Shots for this period are 9 for Blues vs 20 for Stars.
Back to the Top